 Dungeon Crawl Stone Soup version 0.25-a0-10-g2fe12d4386 (webtiles) character file.

Game seed: 6528533472715839239, levelgen mode: deterministic

28 MrRokkomies the Slasher (level 2, 0/18 HPs)
             Began as a Vampire Gladiator on Oct 15, 2019.
             Slain by a kobold
             ... wielding a +0 short sword
              (1 damage)
             ... on level 2 of the Dungeon.
             The game lasted 00:04:26 (1166 turns).

MrRokkomies the Slasher (Vampire Gladiator)         Turns: 1166, Time: 00:04:26

Health: 0/18       AC:  4    Str: 18    XL:     2   Next: 96%
Magic:  2/2        EV: 13    Int: 10    God:
Gold:   40         SH:  0    Dex: 15    Spells: 1/1 levels left

rFire    + . .     SeeInvis +   a - +0 long sword
rCold    + + +     Gourm    .   (no shield)
rNeg     + + +     Faith    .   b - +0 leather armour
rPois    ∞         Spirit   .   c - +0 helmet
rElec    +         Reflect  .   (no cloak)
rCorr    +         Harm     .   (no gloves)
MR       .....                  (no boots)
Stlth    +++.......             (no amulet)
HPRegen  0.00/turn              (no ring)
MPRegen  0.08/turn              (no ring)

@: mighty, resistant, bloodless, regenerating quickly
A: no food, fangs 3, see invisible, unbreathing
a: Revivify


You were on level 2 of the Dungeon.
You were bloodless.

You visited 1 branch of the dungeon, and saw 2 of its levels.

You collected 40 gold pieces.

Inventory:

Hand Weapons
 a - a +0 long sword (weapon)
Missiles
 d - 3 throwing nets (quivered)
Armour
 b - a +0 leather armour (worn)
 c - a +0 helmet (worn)
Scrolls
 h - a scroll of immolation {unknown}
 i - a scroll of random uselessness {unknown}
Potions
 f - a potion of flight {unknown}
 g - 2 potions of brilliance
 j - a potion of might


   Skills:
 * Level 2.5 Fighting
 * Level 3.6 Long Blades
 - Level 1.5 Throwing
 - Level 3.2 Dodging


You had one spell level left.
You didn't know any spells.
Your spell library was empty.

Dungeon Overview and Level Annotations

Branches:
Dungeon (2/15)

Altars:


Innate Abilities, Weirdness & Mutations

You do not eat.
You do not regenerate when monsters are visible.
You are frail without blood (-20% HP).
You can heal yourself when you bite living creatures.
You are immune to poison.
You have razor-sharp teeth.
You have supernaturally acute eyesight. (SInv)
You can survive without breathing.


Message History

You hit the kobold. You bite the kobold.
You draw the kobold's blood!
You feel better.
The kobold is severely wounded.
The kobold hits you with a +0 short sword.
You barely miss the kobold. You bite the kobold, but do no damage.
The kobold is severely wounded.
The ogre hits you with a +0 giant spiked club!
Ouch! That really hurt!
* * * LOW HITPOINT WARNING * * *
The kobold barely misses you.
You hit the kobold but do no damage.
The kobold is severely wounded.
The kobold barely misses you.
It was a potion of might.
You feel very mighty all of a sudden. The kobold hits you but does no damage.
It was a potion of resistance.
You feel protected.
The kobold hits you with a +0 short sword.
You die...

#.# #.#
..#########.#####
.........##.#...##
..######.##.....?#
#.........##
##O.........
#K#.#...###
#@#........
##.###.###..
####...#.#.# . #
#.......# #..
##.####.##).[#.#.###
....................#
....#
#.##...##...##.#
#...###.##...###.## #
#................#


You could see an ogre and a kobold.

Vanquished Creatures
  An ooze (D:1)
  A dart slug (D:1)
  3 giant cockroaches
  7 hobgoblins
  3 bats (D:1)
  A kobold (D:1)
  4 rats (D:1)
20 creatures vanquished.

Notes
Turn   | Place    | Note
-------+----------+-------------------------------------------
     0 | D:1      | MrRokkomies the Vampire Gladiator began the quest for the
                  | Orb.
     0 | D:1      | Reached XP level 1. HP: 16/16 MP: 1/1
   165 | D:1      | Reached XP level 2. HP: 17/17 MP: 2/2
  1147 | D:2      | Noticed an ogre
  1166 | D:2      | Slain by a kobold

Levels and vault maps discovered:
D:1:      nzn_arrival_water_spiral, layout_rooms, serial_co_window_serial,
          co_window_paths_a, co_window_paths_b, co_window_of_opportunity_a,
          co_window_corner_a, co_window_corner_a, co_window_broadway_b,
          co_window_unsneaky_path_b, co_window_corner_b, co_window_paths_c,
          co_window_4corner_b, co_window_paths_d, glass_columns_a,
          glass_columns_b, glass_columns_a, glass_columns_c
D:2:      layout_loops_ring, old_standard_altar, serial_bayou_pond_c,
          grunt_dithmenos_smoke

Skill      XL: |  1 |
---------------+----+-----
Fighting       | 2 |  2.5
Long Blades    | |  3.6
Throwing       | |  1.5
Dodging        | |  3.2

Action                   || total
-------------------------++-------
Melee: Long sword        ||    44
       Bite              ||     5
 Abil: Exsanguinate      ||     1
  Use: Scroll            ||     3
       Potion            ||     2
 Stab: Sleeping          ||    10
Armor: Leather armour    ||     7
Dodge: Dodged            ||    29
       Rpst.: Long sword ||     6

Table legend:
 A = Non-vault XP
 B = Vault XP
 C = Vault XP percentage of total XP
 D = Non-vault monster count
 E = Vault monster count
 F = Vault count percentage of total count
                 A         B        C        D         E       F
            +---------+---------+-------+---------+---------+-------
      Total |      40 |       0 |   0.0 |      20 |       0 |   0.0
            +---------+---------+-------+---------+---------+-------
        D:1 |      36 |       0 |   0.0 |      18 |       0 |   0.0
        D:2 |       4 |       0 |   0.0 |       2 |       0 |   0.0
            +---------+---------+-------+---------+---------+-------
